 Dungeon Crawl Stone Soup version 0.30-a0-777-ga9a30cbeda (webtiles) character file.

Game seed: 12882439183071884744

259 jimonade the Ogre Mage (level 6, -2/54 HPs)
             Began as an Ogre Venom Mage on Feb 13, 2023.
             Slain by a scorpion (5 damage)
             ... on level 4 of the Dungeon.
             The game lasted 00:11:28 (4989 turns).

jimonade the Ogre Mage (Ogre Venom Mage)            Turns: 4989, Time: 00:11:28

Health: -2/54      AC:  3    Str: 15    XL:     6   Next: 17%
Magic:  12/12      EV: 15    Int: 16    God:
Gold:   208        SH:  0    Dex:  9    Spells: 11/14 levels left

rFire   . . .      SeeInvis .    a - +1 flail (heavy)
rCold   . . .      Faith    .    (no shield)
rNeg    . . .      Spirit   .    r - +0 robe
rPois   .          Reflect  .    (helmet restricted)
rElec   .          Harm     .    (no cloak)
rCorr   .          Rampage  .    (gloves unavailable)
Will    .....                    (boots unavailable)
Stlth   +                        (no amulet)
HPRegen 0.29/turn                v - +5 ring of evasion
MPRegen 0.13/turn                x - +4 ring of slaying

@: lethally poisoned (-2 -> -5)
A: large, unfitting armour, tough skin 1
a: no special abilities


You were on level 4 of the Dungeon.
You visited 2 branches of the dungeon, and saw 5 of its levels.
You also visited: Sewer.

You collected 208 gold pieces.

Inventory:

Hand Weapons
 a - a +1 heavy flail (weapon)
 e - a +2 short sword of draining
Missiles
 f - 46 stones
Armour
 r - a +0 robe (worn)
Jewellery
 v - a +5 ring of evasion (left hand)
 x - a +4 ring of slaying (right hand)
Scrolls
 d - a scroll of torment
 g - a scroll of fear
 p - 4 scrolls of identify {unknown}
 s - a scroll of summoning {unknown}
 u - a scroll of enchant weapon {unknown}
 w - a scroll of enchant armour {unknown}
Potions
 b - 2 potions of magic
 c - 2 potions of berserk rage {unknown}
 h - a potion of mutation {unknown}
 i - a potion of lignification {unknown}
 j - a potion of ambrosia {unknown}
 k - 3 potions of resistance {unknown}
 l - 2 potions of curing {unknown}
 m - a potion of invisibility {unknown}
 n - a potion of cancellation {unknown}
 o - a potion of heal wounds {unknown}
 q - 2 potions of might {unknown}
 t - a potion of brilliance {unknown}


   Skills:
 + Level 0.6 Fighting
 + Level 0.3 Maces & Flails
 + Level 2.2 Dodging
 - Level 1.4 Stealth
 - Level 0.6 Unarmed Combat
 * Level 4.6 Spellcasting
 + Level 2.7 Transmutations
 + Level 3.7 Poison Magic


You had 11 spell levels left.
You knew the following spells:

 Your Spells              Type           Power      Damage    Failure   Level
a - Sting                 Tmut/Pois      56%        1d5       4%          1
b - Poisonous Vapours     Pois/Air       18%        N/A       11%         2

Your spell library contained the following spells:

 Spells                   Type           Power      Damage    Failure   Level
 Cigotuvi's Dreadful Rot  Necr/Pois/Air  14%        N/A       14%         2
 Freeze                   Ice            12%        1d3       16%         1
 Mephitic Cloud           Conj/Pois/Air  7%         N/A       28%         3
 Olgreb's Toxic Radiance  Pois           15%        N/A       34%         4
 Frozen Ramparts          Ice            6%         1d1       43%         3
 Hailstorm                Conj/Ice       3%         3d3       43%         3


Dungeon Overview and Level Annotations

Branches:
Dungeon (4/15)             Temple (1/1) D:4           Sewer (visited)

Altars:
Ashenzari
Cheibriados
Dithmenos
Elyvilon
Hepliaklqana
Kikubaaqudgha
Nemelex Xobeh
Qazlal
Trog
Wu Jian
Zin
The Shining One


Innate Abilities, Weirdness & Mutations

You are too large for most types of armour.
You have tough skin. (AC +1)


Message History

A scorpion comes into view.
There is an open door here.
You see here a ball python corpse.
The scorpion stings you.
There is an open door here.
You see here a ball python corpse.
You completely miss the scorpion. The scorpion misses you.
The scorpion completely misses you. The scorpion barely misses you.
You closely miss the scorpion. The scorpion barely misses you.
The scorpion stings you!
You closely miss the scorpion. The scorpion stings you.
You are poisoned.
The scorpion poisons you! The scorpion closely misses you.
The scorpion stings you.
You closely miss the scorpion.
You feel very sick.
The scorpion stings you but does no damage.
The scorpion stings you.
You are too injured to fight recklessly!
You are too injured to fight recklessly!
You are too injured to fight recklessly!
You barely miss the scorpion.
You feel very sick. The scorpion misses you. The scorpion barely misses you.
The scorpion stings you!
* * * LOW HITPOINT WARNING * * *
You are more poisoned.
The scorpion poisons you!
You sock the scorpion!
The scorpion is almost dead.
You feel very sick. The scorpion stings you.
* * * LOW HITPOINT WARNING * * *
The scorpion closely misses you.
You barely miss the scorpion.
The scorpion is almost dead.
* * * LOW HITPOINT WARNING * * *
You feel very sick. The scorpion stings you.
You die...

.................#
################.#
#.# #####.##
#......# #......#
#......# #......#
. #####@####....
########
#..s........
........
#...........
........
#...........
........
#.........##
........
#...........
........
###.#....###
........ #........
'.... ........
#...<..## #....


You could see a scorpion.

Vanquished Creatures
  An orc priest (D:4)
  Natasha (thrice) (D:4)
  4 adders
  A river rat (Sewer)
  An ufetubus (D:4)
  2 worms
  5 dart slugs
  6 orcs
  5 bats
  6 endoplasms
  7 giant cockroaches
  6 goblins
  3 hobgoblins
  4 jackals (D:3)
  6 quokkas
  4 ball pythons
  6 frilled lizards
  4 kobolds
  11 rats
85 creatures vanquished.

Notes
Turn   | Place    | Note
-------+----------+-------------------------------------------
     0 | D:1      | jimonade the Ogre Venom Mage began the quest for the Orb.
     0 | D:1      | Reached XP level 1. HP: 16/16 MP: 3/3
   240 | D:1      | Reached XP level 2. HP: 24/24 MP: 2/5
   270 | D:1      | Reached skill level 1 in Transmutations
   825 | D:1      | Reached skill level 3 in Spellcasting
   825 | D:1      | Reached XP level 3. HP: 31/31 MP: 2/7
  2287 | D:3      | Reached XP level 4. HP: 31/40 MP: 1/9
  2304 | D:3      | Found a glowing drain.
  2337 | Sewer    | Entered a sewer
  2711 | Sewer    | Learned a level 2 spell: Poisonous Vapours
  3336 | D:3      | Found a white marble altar of Elyvilon.
  3465 | D:3      | Reached XP level 5. HP: 46/46 MP: 10/10
  3640 | D:4      | Noticed Natasha
  3653 | D:4      | Killed Natasha
  4153 | D:4      | Noticed Natasha
  4160 | D:4      | Killed Natasha
  4161 | D:4      | Reached skill level 4 in Spellcasting
  4396 | D:4      | Noticed Natasha
  4408 | D:4      | Found a staircase to the Ecumenical Temple.
  4424 | D:4      | Killed Natasha
  4439 | Temple   | Entered the Ecumenical Temple
  4741 | D:4      | Reached XP level 6. HP: 41/54 MP: 1/12
  4989 | D:4      | Slain by a scorpion

Illustrated notes

Levels and vault maps discovered:
D:1:      lemuel_arrival_broad_hall, layout_basic, minmay_box_of_dots
D:2:      layout_loops_ring, dreamdust_princess_bridge, patterned_corridor
D:3:      layout_basic, mainiacjoe_overflow_chevrons, gup_sewer_entry_bowl
D:4:      mumra_celtic_spiral_tile, layout_basic, minmay_temple_entry_offerings,
          uniq_natasha
Temple:   grunt_temple_mini_profane

Skill      XL: |  1  2  3  4  5 |
---------------+----------------+-----
Poison Magic   | 3 |  3.7
Transmutations | 1 2 |  2.7
Spellcasting   | 3 4 |  4.6
Dodging        | 2 |  2.2
Fighting       | |  0.6
Maces & Flails | |  0.3
Stealth        | |  1.4
Unarmed Combat | |  0.6

Action                     |  1- 3 |  4- 6 || total
---------------------------+-------+-------++-------
  Melee: Short sword       |    23 |    18 ||    41
         Flail             |       |    34 ||    34
         Punch             |       |     2 ||     2
   Cast: Sting             |    85 |    79 ||   164
    Use: Scroll            |       |     3 ||     3
 Armour: Robe              |    15 |    22 ||    37
  Dodge: Dodged            |    20 |    59 ||    79

Table legend: (Time is in decaauts)
 A = Elapsed time spent in this place.
 B = Non-inter-level travel time spent in this place.
 C = Inter-level travel time spent in this place.
 D = Time resting spent in this place.
 E = Time spent auto-exploring this place.
 F = Levels seen in this place.
 G = Mean time per level.
                   A        B        C        D        E       F      G
               +--------+--------+--------+--------+--------+-----+--------+
         Total |   5036 |   4925 |    111 |    531 |   3379 |   6 |  839.3 |
       Dungeon |   4219 |   4145 |     74 |    299 |   2954 |   4 | 1054.8 |
        Temple |    232 |    195 |     37 |      0 |    191 |   1 |  232.0 |
         Sewer |    584 |    584 |      0 |    232 |    234 |   1 |  584.0 |
               +--------+--------+--------+--------+--------+-----+--------+

Top non-repeatable levels by time:
     D:1: 1359 daAuts
     D:4: 1243 daAuts
     D:2: 873 daAuts
     D:3: 742 daAuts
   Sewer: 584 daAuts
  Temple: 232 daAuts
